 Dungeon Crawl Stone Soup version 0.20.1-1-g8b1a95d66d (webtiles) character file.

42 Mazzart the Shooter (level 3, -11/29 HPs)
             Began as a Centaur Hunter on June 23, 2018.
             Mangled by a kobold
             ... wielding a +2 dagger of distortion
              (13 damage)
             ... on level 2 of the Dungeon.
             The game lasted 00:19:53 (1895 turns).

Mazzart the Shooter (Centaur Hunter)                Turns: 1895, Time: 00:19:53

Health: -11/29     AC:  4    Str: 14    XL:     3   Next: 33%
Magic:  3/3        EV:  9    Int: 10    God:
Gold:   99         SH:  0    Dex: 10    Spells: 2/2 levels left

rFire    . . .     SeeInvis .   p - +0 mace
rCold    . . .     Gourm    .   (no shield)
rNeg     . . .     Faith    .   c - +0 leather armour
rPois    .         Spirit   .   (no helmet)
rElec    .         Reflect  .   (no cloak)
rCorr    .         Harm     .   (no gloves)
MR       .....                  (no barding)
Stlth    +.........             (no amulet)
Regen    0.1/turn               (no ring)
MPRegen  0.1/turn               (no ring)

@: very quick
A: hooves 3, deformed body, speed 2, tough skin 3
a: no special abilities


You were on level 2 of the Dungeon.
You were not hungry.

You visited 1 branch of the dungeon, and saw 2 of its levels.

You collected 99 gold pieces.

Inventory:

Hand Weapons
 a - a +1 shortbow
 b - a +0 short sword
 e - a +0 hand axe
 g - a +0 short sword
 p - a +0 mace (weapon)
Missiles
 d - 17 arrows
 i - 15 stones (quivered)
Armour
 c - a +0 leather armour (worn)
Wands
 q - a wand of polymorph (11/24)
Scrolls
 l - a scroll of identify {unknown}
 s - a scroll of remove curse {unknown}
Potions
 h - 2 potions of degeneration {unknown}
 j - a potion of berserk rage {unknown}
 o - a potion of flight {unknown}
 t - a potion of haste {unknown}
 u - a potion of lignification {unknown}
Comestibles
 f - 3 bread rations
 k - 3 royal jellies
 m - a fruit
 n - a meat ration
 r - a chunk of flesh


   Skills:
 - Level 2.0 Fighting
 - Level 0.1 Axes
 * Level 6.3 Bows
 * Level 0.9 Armour
 - Level 1.4 Dodging
 + Level 0.6 Stealth


You had 2 spell levels left.
You didn't know any spells.

Dungeon Overview and Level Annotations

Branches:
Dungeon (2/15)

Altars:


Innate Abilities, Weirdness & Mutations

You have hooves in place of feet.
Armour fits poorly on your strangely shaped body.
You cover ground very quickly.
You have extremely tough skin. (AC +3)


Message History

The kobold is heavily wounded.
The kobold hits you with a dagger of distortion.
Space bends around you.
You hit the kobold but do no damage.
The kobold is heavily wounded.
The kobold hits you with a dagger of distortion.
The kobold hits you but does no damage. Space bends around you.
You barely miss the kobold.
The kobold is heavily wounded.
The kobold hits you with a dagger of distortion.
Space bends around you.
* * * LOW HITPOINT WARNING * * *
You barely miss the kobold.
The kobold is heavily wounded.
The kobold hits you but does no damage. Space bends around you.
* * * LOW HITPOINT WARNING * * *
You barely miss the kobold.
The kobold is heavily wounded.
The kobold hits you but does no damage. Space warps horribly around you!
You die...

#######
#÷............###.#####
#.###########.#.#.#....
#.# #.#...##### #.#
#.#........ #.# #.##†#
# #(###########.##.#
#†.((...(...#.##.#
#..(........#..#.#
#(.((K@.....#..#.#
#.......(...#..#.#
#.......(...#....#
#...........#.#..#
#..(....(...#...>#
#.################ #. #


You could see a kobold.

Vanquished Creatures
  A dart slug (D:2)
  A leopard gecko (D:1)
  7 bats
  A giant cockroach (D:2)
  3 goblins (D:1)
  3 hobgoblins
  4 jackals (D:1)
  A quokka (D:2)
  A ball python (D:1)
  6 frilled lizards
  5 kobolds
  6 rats
39 creatures vanquished.

Notes
Turn   | Place    | Note
-------+----------+-------------------------------------------
     0 | D:1      | Mazzart the Centaur Hunter began the quest for the Orb.
     0 | D:1      | Reached XP level 1. HP: 17/17 MP: 1/1
   273 | D:1      | Reached XP level 2. HP: 14/24 MP: 2/2
   418 | D:1      | Reached skill level 6 in Bows
  1371 | D:2      | Reached XP level 3. HP: 29/29 MP: 3/3
  1746 | D:2      | Found a faded altar of an unknown god.
  1895 | D:2      | Mangled by a kobold

Skill      XL: |  1  2 |
---------------+-------+-----
Bows           | 6 |  6.3
Fighting       | |  2.0
Axes           | |  0.1
Armour         | |  0.9
Dodging        | |  1.4
Stealth        | |  0.6

Action                   || total
-------------------------++-------
Melee: Hand axe          ||    59
       Kick              ||    15
       Short sword       ||     4
       Mace              ||    59
 Fire: Shortbow          ||    11
Throw: Stone             ||    18
  Eat: Chunk             ||     2
Armor: Leather armour    ||    61
Dodge: Dodged            ||    70
